 Dungeon Crawl Stone Soup version 0.12.2-14-g7c90c79 (webtiles) character file.

3960 MarVin the Cleaver (level 9, -3/65 HPs)
             Began as a Demonspawn Fighter on Aug 5, 2013.
             Was a Priest of Nemelex Xobeh.
             Slain by an orc warrior
             ... wielding a +0,+0 orcish battleaxe
              (9 damage)
             ... on Level 7 of the Dungeon.
             The game lasted 00:19:57 (6306 turns).

MarVin the Cleaver (Demonspawn Fighter)             Turns: 6306, Time: 00:19:57

HP  -3/65        AC 16     Str 20      XL: 9   Next: 86%
MP   0/17        EV  2     Int  9      God: Nemelex Xobeh [***...]
Gold 358         SH 32     Dex 15      Spells:  0 memorised,  8 levels left

Res.Fire  : . . .   See Invis. : .   e - +1,+3 dwarf hand axe (chop)
Res.Cold  : . . .   Warding    : .   m - +1 dwarf plate armour
Life Prot.: . . .   Conserve   : .   E - +0 elf large shield
Res.Poison: .       Res.Corr.  : .   (no helmet)
Res.Elec. : .       Clarity    : .   T - +0 cloak
Sust.Abil.: . .     Spirit.Shd : +   (no gloves)
Res.Mut.  : .       Stasis     : .   (no boots)
Res.Rott. : .       Ctrl.Telep.: .   k - amulet of guardian spirit
Saprovore : . . .   Flight     : .   (no ring)
                                     (no ring)

@: slightly resistant to hostile enchantments, extremely unstealthy
A: spiny 3, spit poison 1, Dex +2
a: Spit Poison, Draw One, Peek at Two, Triple Draw, Renounce Religion


You were on level 7 of the Dungeon.
You worshipped Nemelex Xobeh.
Nemelex Xobeh was greatly pleased with you.
You were very hungry.

You visited 2 branches of the dungeon, and saw 8 of its levels.

You collected 338 gold pieces.

Inventory:

Hand weapons
 a - a +0,+0 hand axe {=f}
 e - a +1,+3 dwarven hand axe of chopping (weapon)
 O - a +0,+0 war axe
Missiles
 v - 7 curare-tipped needles
 G - 6 needles of frenzy
Armour
 b - a +0 scale mail
 c - a +0 shield
 i - a +0 plate armour
 m - a +1 dwarven plate armour (worn)
 E - a +0 elven large shield (worn)
 L - a +0 pair of gauntlets
 S - a +0 plate armour
 T - a +0 cloak (worn)
Magical devices
 z - a wand of digging (10) {unknown}
 B - a wand of magic darts (15) {unknown}
 H - a wand of random effects (9)
 J - a wand of cold (4)
 M - a wand of fireball (3) {unknown}
 N - a wand of teleportation (4) {unknown}
Comestibles
 d - an apricot
 r - a pear
 R - 9 grapes
Scrolls
 f - 3 scrolls of remove curse {unknown}
 h - a scroll of enchant weapon II {unknown}
 j - 2 scrolls of teleportation {unknown}
 l - 13 scrolls of identify {unknown}
 o - 2 scrolls of enchant armour {unknown}
 t - 2 scrolls of magic mapping {unknown}
 u - a scroll of amnesia {unknown}
 w - a scroll of recharging {unknown}
 x - 2 scrolls of noise {unknown}
 C - 3 scrolls of curse weapon {unknown}
 D - a scroll of curse jewellery {unknown}
 I - 3 scrolls of random uselessness {unknown}
 K - a scroll of fog {unknown}
Jewellery
 k - an amulet of guardian spirit (around neck)
 n - a +2 ring of strength {unknown}
 y - an uncursed amulet of guardian spirit
Potions
 g - 3 potions of mutation {unknown}
 p - 5 potions of curing {unknown}
 q - 2 potions of restore abilities {unknown}
 s - 2 potions of heal wounds {unknown}
 A - 2 potions of cure mutation {unknown}
 F - 2 potions of paralysis {unknown}
 P - a potion of flight {unknown}
 Q - a potion of brilliance {unknown}
Miscellaneous
 U - an ornate deck of escape


   Skills:
 - Level 3.0 Fighting
 + Level 8.9 Axes
 - Level 8.0 Armour
 - Level 7.1 Shields
 - Level 6.2 Evocations


You had 8 spell levels left.
You didn't know any spells.

Dungeon Overview and Level Annotations

Branches:
Dungeon (7/27)             Temple (1/1) D:5
    Orc: D:6-11

Altars:
Ashenzari
Cheibriados
Elyvilon
Fedhas
Kikubaaqudgha
Makhleb
Nemelex Xobeh
Okawaru
Sif Muna
Trog
Vehumet
Xom
Yredelemnul
Zin
the Shining One

Shops:
D:4: /


Innate Abilities, Weirdness & Mutations

You have a somewhat thin skeletal structure (Dex +2, Stlth).
You are completely covered in sharp spines.
You can spit poison.


Message History

The orc warrior hits you with an orcish battleaxe!
* * * LOW HITPOINT WARNING * * *
You are too injured to fight recklessly!
You are too injured to fight recklessly!
You are too injured to fight recklessly!
You are too injured to fight recklessly!
You are too injured to fight recklessly!
You are too injured to fight recklessly!
You are too injured to fight recklessly!
You hit the orc warrior but do no damage.
The orc warrior is almost dead.
The orc warrior hits you with an orcish battleaxe!
* * * LOW HITPOINT WARNING * * *
You hit the orc warrior but do no damage.
The orc warrior is almost dead.
You closely miss the orc warrior.
The orc warrior is almost dead.
The orc warrior hits you with an orcish battleaxe!
You die...
Your body disappears without a glow.

#.# #.#.#.# #.##........# #.#
#[#.#.####+##........# #.#
#.#.#.#..............#
#.#######.#.#.#..............#
#.........#.#.#.....^........#
###########...'..............#
###.#......#.......#
#.#......#.......#
#@#######......... #o#
#......... .o. #.........
..... #.<....... ......#
#......... .......# #.........
........# #......... .......#
#......... ... #.........


You could see an orc warrior and an orc priest.

Vanquished Creatures
  The ghost of jeykey the Covered, an experienced DsFi of Nemelex Xobeh (D:5)
  A hippogriff (D:5)
  An orc warrior (D:7)
  A yak zombie (D:6)
  An ice beast (D:6)
  A sky beast (D:5)
  A centaur (D:5)
  2 ogres
  A giant frog zombie (D:5)
  5 wights (D:6)
  A mottled dragon zombie (D:5)
  A crimson imp (D:7)
  Crazy Yiuf (D:7)
  A hound zombie (D:5)
  3 orc priests
  A scorpion (D:5)
  6 worker ants
  5 orc wizards
  2 big fish zombies (D:3)
  A jelly (D:6)
  5 gnolls
  9 adders
  A giant mite (D:3)
  2 worms (D:2)
  A giant eyeball (D:7)
  3 giant geckos
  An ooze (D:2)
  24 orcs
  7 giant cockroaches
  9 hobgoblins
  14 jackals
  A quokka (D:6)
  2 ball pythons (D:2)
  10 bats
  8 giant newts
  13 goblins
  13 kobolds
  A quokka skeleton (D:4)
  12 rats
  A butterfly (D:5)
174 creatures vanquished.

Vanquished Creatures (others)
  2 orcs (D:5)
2 creatures vanquished.

Grand Total: 176 creatures vanquished

Notes
Turn   | Place    | Note
--------------------------------------------------------------
     0 | D:1      | MarVin, the Demonspawn Fighter, began the quest for the Orb.
     0 | D:1      | Reached XP level 1. HP: 18/18 MP: 0/0
   134 | D:1      | Reached XP level 2. HP: 16/24 MP: 1/1
   469 | D:1      | Reached XP level 3. HP: 30/30 MP: 2/2
  1271 | D:2      | Reached XP level 4. HP: 36/36 MP: 3/3
  1736 | D:3      | Reached skill level 4 in Axes
  1749 | D:3      | Gained mutation: You are partially covered in sharp spines. [demonic ancestry]
  1749 | D:3      | Reached XP level 5. HP: 23/41 MP: 4/4
  1954 | D:3      | Found a basalt altar of Yredelemnul.
  2232 | D:4      | Reached skill level 5 in Axes
  2446 | D:4      | Gained mutation: You are mostly covered in sharp spines. [demonic ancestry]
  2446 | D:4      | Gained mutation: You have a somewhat thin skeletal structure (Dex +2, Stlth). [demonic ancestry]
  2446 | D:4      | Reached XP level 6. HP: 44/48 MP: 5/5
  2805 | D:4      | Found Qidwoca's Magical Wand Shop.
  3115 | D:4      | Noticed an ogre
  3123 | D:4      | Killed an ogre
  3123 | D:4      | Reached skill level 6 in Axes
  3416 | D:5      | Entered Level 5 of the Dungeon
  3689 | D:5      | Reached XP level 7. HP: 39/53 MP: 6/6
  3928 | D:5      | Found a staircase to the Ecumenical Temple.
  3946 | Temple   | Entered the Ecumenical Temple
  4160 | Temple   | Became a worshipper of Nemelex Xobeh
  4170 | Temple   | Received a gift from Nemelex Xobeh
  4275 | Temple   | Gained mutation: You can spit poison. [helix card]
  4280 | Temple   | Reached skill level 5 in Evocations
  4280 | Temple   | Gained mutation: You are completely covered in sharp spines. [demonic ancestry]
  4280 | Temple   | Reached XP level 8. HP: 60/60 MP: 3/14
  4282 | Temple   | Reached skill level 8 in Armour
  4282 | Temple   | Reached XP level 9. HP: 65/65 MP: 3/16
  4541 | D:5      | Noticed jeykey's ghost (experienced DsFi)
  4586 | D:5      | Killed jeykey's ghost
  4699 | D:5      | Noticed a hippogriff
  4709 | D:5      | Killed a hippogriff
  4779 | D:5      | Acquired Nemelex Xobeh's first power
  5254 | D:6      | Received a gift from Nemelex Xobeh
  5313 | D:6      | Found a snail-covered altar of Cheibriados.
  5531 | D:6      | Acquired Nemelex Xobeh's second power
  5898 | D:7      | Found a bloodstained altar of Trog.
  6205 | D:7      | Noticed Crazy Yiuf
  6218 | D:7      | Killed Crazy Yiuf
  6222 | D:7      | Received a gift from Nemelex Xobeh
  6222 | D:7      | Acquired Nemelex Xobeh's third power
  6286 | D:7      | Paralysed by a giant eyeball for 2 turns
  6306 | D:7      | Slain by an orc warrior

Action                   |  1- 3 |  4- 6 |  7- 9 || total
-------------------------+-------+-------+-------++-------
Melee: Hand axe          |   106 |   215 |   342 ||   663
Evoke: Wand              |       |     2 |     1 ||     3
       Deck              |       |       |    15 ||    15
